 Dungeon Crawl Stone Soup version 0.32-a0-422-g28b100f618 (webtiles) character file.

Game seed: 13973593874726182016

470 timneilson the Ruffian (level 7, -8/46 HPs)
             Began as an Octopode Shapeshifter on Feb 21, 2024.
             Mangled by a gnoll
             ... wielding a +0 whip
              (10 damage)
             ... on level 5 of the Dungeon.
             The game lasted 00:05:20 (3772 turns).

timneilson the Ruffian (Octopode Shapeshifter)      Turns: 3772, Time: 00:05:20

Health: -8/46      AC:  1    Str: 15    XL:     7   Next: 9%
Magic:  7/7        EV:  8    Int: 13    God:
Gold:   329        SH:  0    Dex: 17    Spells: 6/6 levels left

rFire   . .          .
                       - Unarmed
rCold   . . .        (no shield)
rNeg    . . .        (helmet currently unavailable)
rPois   +            (no amulet)
rElec   .            f - ring of poison resistance
rCorr   .            d - ring of flight
SInv    .            q - +6 ring of dexterity
Will    .....        (no ring)
Stlth   +++          (no ring)
HPRegen 0.27/turn    (no ring)
MPRegen 0.10/turn    (no ring)
                     (no ring)

%: no passive effects
@: beast-form, weakened, flying, held
A: beast (slay +2), almost no armour, amphibious, 8 rings, camouflage 1,
gelatinous body 1, (nimble swimmer 1), tentacles
a: Begin Untransformation


You were on level 5 of the Dungeon.
You were a hulking beast.
You visited 1 branch of the dungeon, and saw 5 of its levels.

You collected 329 gold pieces.

Inventory:

Missiles
 e - 5 poisoned darts (quivered)
Jewellery
 d - a ring of flight (right tentacle)
 f - a ring of poison resistance (left tentacle)
 h - a ring of magical power
 q - a +6 ring of dexterity (on tentacle)
Talismans
 b - a beast talisman (active)
 c - a flux talisman
 g - a blade talisman
Scrolls
 j - a scroll of fear
 m - 2 scrolls of enchant weapon
 p - 3 scrolls of fog
 s - a scroll of teleportation
Potions
 a - a potion of lignification
 i - a potion of heal wounds
 k - a potion of ambrosia
 o - a potion of enlightenment {unknown}
 r - a potion of invisibility {unknown}


   Skills:
 * Level 3.3 Fighting
 * Level 3.8 Dodging
 + Level 3.0 Stealth
 * Level 4.4 Unarmed Combat
 * Level 4.3 Shapeshifting


You had 6 spell levels left.
You didn't know any spells.
Your spell library was empty.

Dungeon Overview and Level Annotations

Branches:
Dungeon (5/15)
 Temple: D:4-7

Altars:
Ru


Innate Abilities, Weirdness & Mutations

You are a hulking beast.
Your limbs bulge with bestial killing power. (Slay +2)
You cannot wear most types of armour.
You are amphibious.
You can wear up to eight rings at the same time.
Your skin changes colour to match your surroundings (Stealth+).
Your rubbery body absorbs attacks. (AC +1, EV +1)
((You are camouflaged when in or above water. (Stealth+)))
You have tentacles for arms and can constrict up to eight enemies at once.


Message History

You constrict the gnoll, but do no damage.
You tentacle-slap the gnoll.
You squeeze the gnoll, but do no damage.
The gnoll is heavily wounded.
You constrict the gnoll. The gnoll barely misses you.
You tentacle-slap the gnoll.
You kill the gnoll!
Things that are here:
a +0 club; a gnoll corpse; a jackal corpse You start resting.
HP restored.
There is a stone staircase leading down, spattered with blood here.
You fly downwards.
There is a stone staircase leading up, spattered with blood here.
You tentacle-slap the gnoll. You grab the gnoll. You squeeze the gnoll.
You kill the gnoll!
The gnoll bouda barks out a call to the hunt!
The gnolls pick up the pace!
You hear a shout! x2
The gnoll barely misses you.
A gnoll comes into view. It is wielding a +0 whip.
The gnoll shouts! x2
There is a stone staircase leading up, spattered with blood here.
The gnoll hits you with a +0 spear!
The gnoll bouda barks out a call to the hunt!
The gnoll picks up the pace!
The gnoll throws a throwing net.
The throwing net hits you.
You become entangled in the net!
You stop ascending the stairs.
Unknown command.
You struggle against the net.
The gnoll hits you with a +0 spear!
Unknown command.
You tear a large gash into the net.
The gnoll hits you with a +0 flail. The gnoll hits you with a +0 club!
The gnoll hits you with a +0 spear.
* * * LOW HITPOINT WARNING * * *
The gnoll bouda gazes fiercely through you!
You feel your attacks grow feeble.
The gnoll bouda hits you with a +0 whip!
* * * LOW HITPOINT WARNING * * *
The gnoll hits you with a +0 whip!
You die...

#. .. .# ....
#########.# ....
#.........# .g...
#.........###....
#...gg....#....#
#...hgg........#
#...gg...##....###
#.......5.........
###########....##.
....# ....# .....>
####... ...


You could see a gnoll bouda, 5 gnolls and a white imp.

Vanquished Creatures
  Eustachio (D:3)
  A hound (D:3)
  A bombardier beetle (D:4)
  6 gnolls
  6 adders
  A white imp (D:4)
  4 ufetubi
  A ribbon worm (D:2)
  2 orcs
  7 ball pythons
  4 bats
  5 endoplasms
  2 giant cockroaches
  6 goblins
  8 hobgoblins
  7 jackals
  3 quokkas
  4 frilled lizards
  7 kobolds
  6 rats
82 creatures vanquished.

Notes
Turn   | Place    | Note
-------+----------+-------------------------------------------
     0 | D:1      | timneilson the Octopode Shapeshifter began the quest for
                  | the Orb.
     0 | D:1      | Reached XP level 1. HP: 13/13 MP: 1/1
   120 | D:1      | Reached XP level 2. HP: 18/18 MP: 2/2
   157 | D:1      | Reached skill level 1 in Stealth
   221 | D:1      | Reached XP level 3. HP: 5/23 MP: 3/3
   926 | D:2      | Reached XP level 4. HP: 23/29 MP: 4/4
  1757 | D:3      | Found a sacrificial altar of Ru.
  1771 | D:3      | Reached XP level 5. HP: 34/34 MP: 5/5
  2434 | D:4      | Noticed Eustachio
  2756 | D:4      | Reached XP level 6. HP: 14/41 MP: 6/6
  3035 | D:3      | Killed Eustachio
  3497 | D:5      | Entered Level 5 of the Dungeon
  3510 | D:5      | Noticed an orc warrior
  3577 | D:4      | Reached XP level 7. HP: 11/46 MP: 7/7
  3772 | D:5      | HP: 2/46 [gnoll bouda/+0 whip (7)]
  3772 | D:5      | Mangled by a gnoll

Illustrated notes

Levels and vault maps discovered:
D:1:      dpeg_arrival_orchard, layout_basic
D:2:      layout_basic, minmay_gold_behind_fungi
D:3:      layout_basic, nicolae_ru_great_annihilating_truth
D:4:      layout_loops_ring, uniq_eustachio
D:5:      layout_basic, uniq_sigmund

Skill      XL: |  1  2  3  4  5  6 |
---------------+-------------------+-----
Stealth        | 1 2 3 |  3.0
Fighting       | 2 3 |  3.3
Dodging        | 3 |  3.8
Unarmed Combat | 4 |  4.4
Shapeshifting  | 4 |  4.3

Action                     |  1- 3 |  4- 6 |  7- 9 || total
---------------------------+-------+-------+-------++-------
  Melee: Unarmed           |    58 |   110 |    10 ||   178
         Constrict         |    12 |    28 |     4 ||    44
         Tentacles         |    12 |    23 |     4 ||    39
         Punch             |       |     5 |       ||     5
    Use: Scroll            |     2 |     9 |       ||    11
         Potion            |       |     1 |       ||     1
   Stab: Sleeping          |     3 |    11 |       ||    14
 Armour: Skin              |    22 |    69 |    16 ||   107
  Dodge: Dodged            |    31 |    92 |    14 ||   137

Table legend: (Time is in decaauts)
 A = Elapsed time spent in this place.
 B = Non-inter-level travel time spent in this place.
 C = Inter-level travel time spent in this place.
 D = Time resting spent in this place.
 E = Time spent auto-exploring this place.
 F = Levels seen in this place.
 G = Mean time per level.
                   A        B        C        D        E       F      G
               +--------+--------+--------+--------+--------+-----+--------+
         Total |   3765 |   3630 |    135 |    691 |   2265 |   5 |  753.0 |
       Dungeon |   3765 |   3630 |    135 |    691 |   2265 |   5 |  753.0 |
               +--------+--------+--------+--------+--------+-----+--------+

Top non-repeatable levels by time:
     D:3: 1339 daAuts
     D:4: 921 daAuts
     D:1: 776 daAuts
     D:2: 670 daAuts
     D:5: 57 daAuts
